Canadiens vs Kings
Created - January 26, 2024 at 23:33
Goals
|
| Canadiens |
1 |
0 |
2 |
3 |
| Kings |
0 |
1 |
4 |
5 |
|
Shots
|
| Canadiens |
10 |
3 |
15 |
28 |
| Kings |
6 |
12 |
16 |
34 |
|
1st period
1. Canadiens , Jordan Szwarz 18 (Cody Eakin 6) at 19:39
Penalties :
Marc Staal (L.A) for Tripping (Minor) at 1:42, Marc Staal (L.A) for Hooking (Minor) at 10:51
2nd period
2. Kings , Sam Bennett 10 (Sam Gagner 7, Jake Guentzel 20) at 2:43
Penalties :
Jiri Sekac (Mon) for Roughing (Double Minor) at 3:52, Marcus Kruger (Mon) for High sticking (Minor) at 16:32, Cody Eakin (Mon) for Roughing (Minor) at 16:52
3rd period
3. Kings , Mitch Marner 11 (Sidney Crosby 35, Jake Guentzel 21) at 1:05
4. Kings , Sam Bennett 11 (Sidney Crosby 36, Matthew Tkachuk 9) at 1:42 (PP)
5. Canadiens , Mika Zibanejad 18 (David Pastrnak 27, Artemi Panarin 23) at 15:23
6. Canadiens , Artemi Panarin 15 (Rasmus Ristolainen 29, David Pastrnak 28) at 16:02
7. Kings , Jake Guentzel 17 (Colton Parayko 13, Mitch Marner 20) at 16:59
8. Kings , Chris Tierney 10 (Jared Cowen 11, Marc Staal 6) at 19:06 (Empty Net)
Penalties :
Cam Fowler (Mon) for Tripping (Minor) at 1:08, Zac Rinaldo (L.A) for Hooking (Minor) at 9:52
Goalie Stats
Andrei Vasilevskiy (Mon), 29 saves from 33 shots - (0.879), L, 15-13-3, 59:49 minutes
Igor Shesterkin (L.A), 25 saves from 28 shots - (0.893), W, 3-5-0, 60:00 minutes
Players Stats for Canadiens
Player Name G A P +/- PIM S H SB GA TA FO MP PP MP PK MP
------------------------------------------------------------------------------------
Alexandre Grenier 0 0 0 0 0 0 0 1 0 0 0/0 8:13 0:00 0:00
Artemi Panarin 1 1 2 1 0 3 4 0 2 1 1/1 19:17 3:14 0:42
Brandon Bollig 0 0 0 0 0 0 2 0 0 1 0/0 7:47 0:00 0:00
Brent Burns 0 0 0 0 0 0 1 1 0 0 0/0 12:33 0:00 3:11
Brian Dumoulin 0 0 0 0 0 2 1 2 0 0 0/0 19:06 2:46 0:48
Cam Fowler 0 0 0 -1 2 1 2 3 2 1 0/0 27:51 3:11 2:55
Chris Kreider 0 0 0 -2 0 5 1 0 2 0 0/1 18:29 2:43 2:53
Cody Eakin 0 1 1 0 2 0 0 0 0 1 7/20 13:51 0:00 2:41
Corban Knight 0 0 0 0 0 0 2 1 0 0 1/1 9:34 0:00 1:47
David Pastrnak 0 2 2 0 0 4 0 0 1 0 1/1 18:26 2:43 0:00
Jiri Sekac 0 0 0 0 4 0 2 0 1 0 0/1 11:09 0:00 0:00
Jordan Szwarz 1 0 1 0 0 1 2 0 0 0 0/0 14:01 3:14 0:00
Justin Schultz 0 0 0 0 0 2 2 0 0 2 0/0 17:47 3:11 0:00
Marcus Kruger 0 0 0 -1 2 1 2 0 0 0 1/1 13:52 0:00 1:25
Mika Zibanejad 1 0 1 0 0 6 2 0 1 0 13/29 18:53 2:43 0:27
Rasmus Ristolainen 0 1 1 -1 0 3 2 3 1 1 0/0 29:40 2:46 3:41
Sean Zimmerman 0 0 0 0 0 0 0 0 0 0 0/0 13:02 0:00 3:09
Vincent Trocheck 0 0 0 -1 0 0 2 0 0 0 4/12 17:54 3:14 2:09
Players Stats for Kings
Player Name G A P +/- PIM S H SB GA TA FO MP PP MP PK MP
------------------------------------------------------------------------------------
Aaron Ekblad 0 0 0 0 0 0 3 1 0 0 0/0 20:40 2:19 3:02
Adam Fox 0 0 0 0 0 4 2 1 1 2 0/0 20:40 2:19 1:46
Auston Matthews 0 0 0 0 0 1 0 0 0 0 17/23 16:16 3:53 0:00
Chris Tierney 1 0 1 1 0 2 2 0 1 0 3/7 17:58 0:15 3:22
Colton Parayko 0 1 1 0 0 1 0 1 0 1 0/0 19:29 0:00 2:55
Frans Nielsen 0 0 0 0 0 2 2 1 0 0 3/6 12:14 0:00 2:02
Jake Guentzel 1 2 3 2 0 3 1 1 1 1 1/1 16:49 2:51 0:18
Jared Cowen 0 1 1 1 0 3 2 0 1 0 0/0 20:56 0:00 2:55
Marc Staal 0 1 1 1 4 0 1 1 0 3 0/0 15:01 0:00 0:59
Matt Martin 0 0 0 -2 0 0 2 0 0 0 0/1 13:30 0:00 3:28
Matthew Tkachuk 0 1 1 1 0 0 1 0 0 1 0/0 12:58 2:48 0:00
Mikko Rantanen 0 0 0 0 0 4 3 0 0 0 0/3 16:15 3:52 0:00
Mitch Marner 1 1 2 2 0 2 0 0 0 0 1/1 17:15 3:57 0:00
Quinn Hughes 0 0 0 0 0 3 0 4 1 1 0/0 18:41 4:33 0:17
Sam Bennett 2 0 2 -1 0 2 0 0 0 1 6/7 14:35 2:51 1:18
Sam Gagner 0 1 1 -2 0 3 2 0 0 0 2/2 10:11 0:09 0:00
Sidney Crosby 0 2 2 2 0 4 0 1 1 0 6/16 18:12 4:33 0:00
Zac Rinaldo 0 0 0 0 2 0 4 0 1 0 0/0 12:20 0:00 1:26
3 Stars
1 - Jake Guentzel (L.A)
2 - Mitch Marner (L.A)
3 - Artemi Panarin (Mon)
Power Play
Canadiens - 0 on 3 Attempt(s) - 0.00%
Kings - 1 on 5 Attempt(s) - 20.00%
Penalty Kill
Canadiens - 4 on 5 Attempt(s) - 80.00%
- Score 0 goal in Penalty Kill
Kings - 3 on 3 Attempt(s) - 100.00%
- Score 0 goal in Penalty Kill
Team Stat
Canadiens - Hits : 27 - Faceoff Wins : 28 - Blocked Shots : 11 - Penalty Minutes : 10
Kings - Hits : 25 - Faceoff Wins : 39 - Blocked Shots : 11 - Penalty Minutes : 6
Official
Referees : Michael Markovic and Chris Lee
Linesman : Scott Cherrey and Steve Barton
Game Notes
17:10 of 2nd period - Kings goal is going for a video replay. After video review, No Goal. The puck has entered the net after making contact with an attacking player’s stick that is above the height of the crossbar.
3:04 of 3rd period - Kings goal is going for a video replay. After video review, No Goal. The referee deems the play has been stopped, even if he had not physically had the opportunity to stop play by blowing his whistle.
Chris Tierney has scored in a empty net!
Finance
Level 1 -- Attendance: 6000 (100.00%) -- Ticket Income $600,000
Level 2 -- Attendance: 4888 (97.76%) -- Ticket Income $293,280
Level 3 -- Attendance: 1966 (98.30%) -- Ticket Income $68,810
Level 4 -- Attendance: 4000 (100.00%) -- Ticket Income $100,000
Luxury Box -- Attendance: 896 (89.60%) -- Ticket Income $179,200
Game was played at the Staples Center.
Total Attendance: 17750 (98.61%)
Total Ticket Income: $1,241,290
Other Income: $186,194
Total Income: $1,427,484
Canadiens
5 vs 5 Forward
Center Left Wing Right Wing Time % Phy DF OF
1 Mika Zibanejad Artemi Panarin David Pastrnak 35 0 1 4
2 Vincent Trocheck Chris Kreider Marcus Kruger 30 0 1 4
3 Cody Eakin Jiri Sekac Jordan Szwarz 25 0 2 3
4 Corban Knight Brandon Bollig Alexandre Grenier 10 0 2 3
5 vs 5 Defense
Defense Defense Time % Phy DF OF
1 Rasmus Ristolainen Cam Fowler 35 0 3 2
2 Justin Schultz Brian Dumoulin 30 0 3 2
3 Sean Zimmerman Brent Burns 20 0 3 2
4 Cam Fowler Rasmus Ristolainen 15 0 3 2
PowerPlay Forward
Center Left Wing Right Wing Time % Phy DF OF
1 Mika Zibanejad Chris Kreider David Pastrnak 60 0 0 5
2 Vincent Trocheck Artemi Panarin Jordan Szwarz 40 0 0 5
PowerPlay Defense
Defense Defense Time % Phy DF OF
1 Brian Dumoulin Rasmus Ristolainen 60 0 0 5
2 Justin Schultz Cam Fowler 40 0 0 5
Penalty Kill 4 Players Forward
Center Wing Time % Phy DF OF
1 Cody Eakin Chris Kreider 60 0 4 1
2 Corban Knight Marcus Kruger 40 0 4 1
Penalty Kill 4 Players Defense
Defense Defense Time % Phy DF OF
1 Sean Zimmerman Rasmus Ristolainen 60 0 5 0
2 Brent Burns Cam Fowler 40 0 5 0
Penalty Kill - 3 Players Forward
Forward Time % Phy DF OF
1 Vincent Trocheck 60 0 5 0
2 Mika Zibanejad 40 0 5 0
Penalty Kill - 3 Players Defense
Defense Defense Time % Phy DF OF
1 Cam Fowler Brent Burns 60 0 5 0
2 Rasmus Ristolainen Brian Dumoulin 40 0 5 0
4 vs 4 Forward
Center Wing Time % Phy DF OF
1 Vincent Trocheck Artemi Panarin 60 0 2 3
2 Mika Zibanejad David Pastrnak 40 0 2 3
4 vs 4 Defense
Defense Defense Time % Phy DF OF
1 Brent Burns Sean Zimmerman 60 0 2 3
2 Justin Schultz Brian Dumoulin 40 0 2 3
Last Minutes Offensive
Center Left Wing Right Wing Defense Defense
Mika Zibanejad Chris Kreider David Pastrnak Rasmus Ristolainen Cam Fowler
Last Minutes Defensive
Center Left Wing Right Wing Defense Defense
Vincent Trocheck Artemi Panarin Marcus Kruger Brent Burns Sean Zimmerman
Goaltenders
Starting : Andrei Vasilevskiy
Backup : Robin Lehner
Extra Forwards
Normal : David Pastrnak, Mika Zibanejad, Chris Kreider - PP : David Pastrnak, Mika Zibanejad - PK : Vincent Trocheck
Extra Defensemen
Normal : Rasmus Ristolainen, Cam Fowler, Brian Dumoulin - PP : Rasmus Ristolainen - PK : Cam Fowler, Sean Zimmerman
Penalty Shots
David Pastrnak, Vincent Trocheck, Mika Zibanejad, Artemi Panarin, Marcus Kruger
Custom OT Lines Forwards
Mika Zibanejad, David Pastrnak, Chris Kreider, Vincent Trocheck, Artemi Panarin, Jordan Szwarz, Marcus Kruger, Jiri Sekac, Corban Knight, Cody Eakin
Custom OT Lines Defensemen
Rasmus Ristolainen, Cam Fowler, Brent Burns, Justin Schultz, Brian Dumoulin
Scratches
None
Kings
5 vs 5 Forward
Center Left Wing Right Wing Time % Phy DF OF
1 Sidney Crosby Jake Guentzel Mitch Marner 30 1 1 3
2 Auston Matthews Chris Tierney Mikko Rantanen 30 1 2 2
3 Sam Bennett Matt Martin Sam Gagner 20 1 2 2
4 Frans Nielsen Zac Rinaldo Matthew Tkachuk 20 2 2 1
5 vs 5 Defense
Defense Defense Time % Phy DF OF
1 Colton Parayko Aaron Ekblad 35 1 2 2
2 Jared Cowen Adam Fox 35 0 2 3
3 Marc Staal Quinn Hughes 30 0 2 3
4 Quinn Hughes Jared Cowen 0 1 2 2
PowerPlay Forward
Center Left Wing Right Wing Time % Phy DF OF
1 Auston Matthews Mikko Rantanen Mitch Marner 60 0 0 5
2 Sam Bennett Jake Guentzel Matthew Tkachuk 40 0 0 5
PowerPlay Defense
Defense Defense Time % Phy DF OF
1 Quinn Hughes Sidney Crosby 70 0 1 4
2 Aaron Ekblad Adam Fox 30 0 1 4
Penalty Kill 4 Players Forward
Center Wing Time % Phy DF OF
1 Chris Tierney Matt Martin 60 1 2 2
2 Frans Nielsen Zac Rinaldo 40 1 2 2
Penalty Kill 4 Players Defense
Defense Defense Time % Phy DF OF
1 Colton Parayko Jared Cowen 60 1 2 2
2 Marc Staal Aaron Ekblad 40 1 2 2
Penalty Kill - 3 Players Forward
Forward Time % Phy DF OF
1 Chris Tierney 60 1 2 2
2 Sidney Crosby 40 1 2 2
Penalty Kill - 3 Players Defense
Defense Defense Time % Phy DF OF
1 Colton Parayko Jared Cowen 60 1 2 2
2 Marc Staal Aaron Ekblad 40 1 2 2
4 vs 4 Forward
Center Wing Time % Phy DF OF
1 Jake Guentzel Mikko Rantanen 60 1 2 2
2 Sidney Crosby Auston Matthews 40 1 2 2
4 vs 4 Defense
Defense Defense Time % Phy DF OF
1 Aaron Ekblad Colton Parayko 60 1 2 2
2 Jared Cowen Adam Fox 40 1 2 2
Last Minutes Offensive
Center Left Wing Right Wing Defense Defense
Sidney Crosby Jake Guentzel Mitch Marner Aaron Ekblad Adam Fox
Last Minutes Defensive
Center Left Wing Right Wing Defense Defense
Sam Bennett Chris Tierney Matthew Tkachuk Marc Staal Jared Cowen
Goaltenders
Starting : Igor Shesterkin
Backup : Cam Ward
Extra Forwards
Normal : Sam Bennett, Chris Tierney, Auston Matthews - PP : Chris Tierney, Sam Gagner - PK : Sam Bennett
Extra Defensemen
Normal : Aaron Ekblad, Jared Cowen, Marc Staal - PP : Colton Parayko - PK : Adam Fox, Quinn Hughes
Penalty Shots
Matt Martin, Auston Matthews, Mikko Rantanen, Sidney Crosby, Jake Guentzel
Custom OT Lines Forwards
Sidney Crosby, Mikko Rantanen, Jake Guentzel, Auston Matthews, Mitch Marner, Chris Tierney, Sam Bennett, Sam Gagner, Matt Martin, Matthew Tkachuk
Custom OT Lines Defensemen
Colton Parayko, Jared Cowen, Aaron Ekblad, Marc Staal, Adam Fox
Scratches
None
% Time on Ice - Canadiens
Lines # - Real PCT - Wanted PCT - Time Play
Normal Forward
1 - 33% - 35% - 15:32
2 - 27% - 30% - 12:31
3 - 24% - 25% - 11:10
4 - 17% - 10% - 7:47
Normal Defense
1 - 36% - 35% - 17:06
2 - 31% - 30% - 14:36
3 - 20% - 20% - 9:22
4 - 13% - 15% - 5:56
PP Forward
1 - 46% - 60% - 2:43
2 - 54% - 40% - 3:14
PP Defense
1 - 46% - 60% - 2:46
2 - 54% - 40% - 3:11
PK Forward
1 - 74% - 60% - 3:53
2 - 26% - 40% - 1:20
PK Defense
1 - 67% - 60% - 3:30
2 - 33% - 40% - 1:43
PK3 Forward
1 - 73% - 60% - 1:12
2 - 27% - 40% - 0:27
PK3 Defense
1 - 68% - 60% - 1:07
2 - 32% - 40% - 0:32
44 Forward
1 - 0% - 60%
2 - 0% - 40%
44 Defense
1 - 0% - 60%
2 - 0% - 40%
Last Minute Offensive - 0:11
Last Minute Defensive - 0:00
Total
Forward - 60:00
Defense - 60:00
|
% Time on Ice - Kings
Lines # - Real PCT - Wanted PCT - Time Play
Normal Forward
1 - 31% - 30% - 14:23
2 - 26% - 30% - 12:25
3 - 21% - 20% - 10:02
4 - 22% - 20% - 10:10
Normal Defense
1 - 36% - 35% - 16:56
2 - 35% - 35% - 16:35
3 - 29% - 30% - 13:29
4 - 0% - 0% - 0:00
PP Forward
1 - 58% - 60% - 4:01
2 - 42% - 40% - 2:51
PP Defense
1 - 66% - 70% - 4:33
2 - 34% - 30% - 2:19
PK Forward
1 - 73% - 60% - 4:19
2 - 27% - 40% - 1:38
PK Defense
1 - 49% - 60% - 2:55
2 - 51% - 40% - 3:02
PK3 Forward
1 - 0% - 60%
2 - 0% - 40%
PK3 Defense
1 - 0% - 60%
2 - 0% - 40%
44 Forward
1 - 0% - 60%
2 - 0% - 40%
44 Defense
1 - 0% - 60%
2 - 0% - 40%
Last Minute Offensive - 0:00
Last Minute Defensive - 0:11
Total
Forward - 60:00
Defense - 60:00
|
Play-by-Play
1st period
0:01 of 1st period - Sidney Crosby wins face-off versus Mika Zibanejad in neutral zone.
0:16 of 1st period - Snap shot by Mika Zibanejad.
0:16 of 1st period - Shot Misses the Net.
0:30 of 1st period - Wrist shot by Mika Zibanejad.
0:30 of 1st period - Stopped by Igor Shesterkin with a rebound.
0:36 of 1st period - Rasmus Ristolainen is hit by Mikko Rantanen and loses puck.
1:09 of 1st period - Cam Fowler is hit by Zac Rinaldo and loses puck.
1:27 of 1st period - Off-side.
1:28 of 1st period - Mika Zibanejad wins face-off versus Sidney Crosby in neutral zone.
1:42 of 1st period - Minor Penalty to Marc Staal for Tripping.
1:43 of 1st period - Mika Zibanejad wins face-off versus Chris Tierney in Kings zone.
1:55 of 1st period - Chris Tierney is hit by Mika Zibanejad and loses puck.
2:19 of 1st period - Zac Rinaldo is hit by Cam Fowler and loses puck.
3:00 of 1st period - Matt Martin is hit by Justin Schultz and loses puck.
3:42 of 1st period - Penalty to Marc Staal is over, Marc Staal is back on ice.
4:11 of 1st period - Off-side.
4:12 of 1st period - Cody Eakin wins face-off versus Sidney Crosby in neutral zone.
4:32 of 1st period - Frans Nielsen is hit by Vincent Trocheck and loses puck.
4:39 of 1st period - Snap shot by Jared Cowen.
4:39 of 1st period - Stopped by Andrei Vasilevskiy without a rebound.
4:40 of 1st period - Mika Zibanejad wins face-off versus Sam Bennett in Canadiens zone.
6:04 of 1st period - Sam Bennett is hit by Vincent Trocheck and loses puck.
6:13 of 1st period - Snap shot by Chris Kreider.
6:13 of 1st period - Stopped by Igor Shesterkin without a rebound.
6:14 of 1st period - Auston Matthews wins face-off versus Mika Zibanejad in Kings zone.
6:31 of 1st period - Artemi Panarin is hit by Mikko Rantanen.
6:48 of 1st period - Slapshot by Quinn Hughes.
6:48 of 1st period - Stopped by Andrei Vasilevskiy with a rebound.
6:50 of 1st period - Snap shot by Sam Gagner.
6:50 of 1st period - Stopped by Andrei Vasilevskiy without a rebound.
6:51 of 1st period - Auston Matthews wins face-off versus Cody Eakin in Canadiens zone.
7:22 of 1st period - Wrist shot by David Pastrnak.
7:22 of 1st period - Shot Misses the Net.
7:24 of 1st period - Snap shot by Cam Fowler.
7:24 of 1st period - Shot Misses the Net.
7:26 of 1st period - Snap shot by Artemi Panarin.
7:26 of 1st period - Stopped by Igor Shesterkin without a rebound.
7:27 of 1st period - Vincent Trocheck wins face-off versus Mikko Rantanen in Kings zone.
7:42 of 1st period - Wrist shot by Marcus Kruger.
7:42 of 1st period - Shot Misses the Net.
7:56 of 1st period - Slapshot by David Pastrnak.
7:56 of 1st period - Shot Misses the Net.
8:44 of 1st period - Slapshot by Sam Bennett.
8:44 of 1st period - Shot Misses the Net.
9:18 of 1st period - Chris Kreider is hit by Chris Tierney and loses puck.
9:49 of 1st period - Marcus Kruger is hit by Sam Gagner and loses puck.
10:46 of 1st period - Slapshot by Rasmus Ristolainen.
10:46 of 1st period - Deflect By Marc Staal.
10:46 of 1st period - Stopped by Igor Shesterkin without a rebound.
10:47 of 1st period - Artemi Panarin wins face-off versus Auston Matthews in Kings zone.
10:51 of 1st period - Minor Penalty to Marc Staal for Hooking.
10:52 of 1st period - Mika Zibanejad wins face-off versus Chris Tierney in Kings zone.
11:20 of 1st period - Artemi Panarin is hit by Jared Cowen and loses puck.
12:51 of 1st period - Penalty to Marc Staal is over, Marc Staal is back on ice.
13:01 of 1st period - Off-side.
13:02 of 1st period - Corban Knight wins face-off versus Sidney Crosby in neutral zone.
13:13 of 1st period - Snap shot by Jake Guentzel.
13:13 of 1st period - Shot Blocked by Alexandre Grenier.
13:15 of 1st period - Backhand shot by Marc Staal.
13:15 of 1st period - Shot Blocked by Corban Knight.
13:17 of 1st period - Slapshot by Quinn Hughes.
13:17 of 1st period - Deflect By Sidney Crosby.
13:17 of 1st period - Stopped by Andrei Vasilevskiy without a rebound.
13:18 of 1st period - Auston Matthews wins face-off versus Mika Zibanejad in Canadiens zone.
14:38 of 1st period - Corban Knight is hit by Matt Martin and loses puck.
14:57 of 1st period - Snap shot by Chris Tierney.
14:57 of 1st period - Shot Misses the Net.
15:15 of 1st period - Snap shot by Adam Fox.
15:15 of 1st period - Shot Misses the Net.
15:17 of 1st period - Snap shot by Frans Nielsen.
15:17 of 1st period - Shot Misses the Net.
15:29 of 1st period - Aaron Ekblad is hit by Rasmus Ristolainen.
15:50 of 1st period - Cam Fowler is hit by Aaron Ekblad and loses puck.
15:57 of 1st period - Colton Parayko is hit by Justin Schultz and loses puck.
16:16 of 1st period - Snap shot by Chris Kreider.
16:16 of 1st period - Stopped by Igor Shesterkin without a rebound.
16:17 of 1st period - Mitch Marner wins face-off versus Mika Zibanejad in Kings zone.
16:26 of 1st period - Snap shot by Mika Zibanejad.
16:26 of 1st period - Shot Blocked by Sidney Crosby.
16:28 of 1st period - Wrist shot by Artemi Panarin.
16:28 of 1st period - Shot Misses the Net.
16:32 of 1st period - Slapshot by Mika Zibanejad.
16:32 of 1st period - Stopped by Igor Shesterkin with a rebound.
16:34 of 1st period - Wrist shot by David Pastrnak.
16:34 of 1st period - Shot Misses the Net.
16:45 of 1st period - Off-side.
16:46 of 1st period - Frans Nielsen wins face-off versus Cody Eakin in neutral zone.
16:49 of 1st period - Snap shot by Zac Rinaldo.
16:49 of 1st period - Shot Hit the Post.
16:51 of 1st period - Backhand shot by Frans Nielsen.
16:51 of 1st period - Stopped by Andrei Vasilevskiy without a rebound.
16:52 of 1st period - Mika Zibanejad wins face-off versus Mikko Rantanen in Canadiens zone.
17:05 of 1st period - Snap shot by Mika Zibanejad.
17:05 of 1st period - Shot Misses the Net.
17:07 of 1st period - Slapshot by Brian Dumoulin.
17:07 of 1st period - Stopped by Igor Shesterkin without a rebound.
17:08 of 1st period - Sam Bennett wins face-off versus Cody Eakin in Kings zone.
17:33 of 1st period - Mikko Rantanen is hit by Artemi Panarin and loses puck.
17:58 of 1st period - Wrist shot by Chris Kreider.
17:58 of 1st period - Shot Hit the Post.
18:26 of 1st period - Snap shot by Jake Guentzel.
18:26 of 1st period - Stopped by Andrei Vasilevskiy without a rebound.
18:27 of 1st period - Auston Matthews wins face-off versus Mika Zibanejad in Canadiens zone.
19:00 of 1st period - Slapshot by Justin Schultz.
19:00 of 1st period - Deflect By Cody Eakin.
19:00 of 1st period - Shot Blocked by Jake Guentzel.
19:00 of 1st period - Puck is out of play.
19:01 of 1st period - Sam Gagner wins face-off versus Vincent Trocheck in Kings zone.
19:08 of 1st period - Vincent Trocheck is hit by Matt Martin.
19:28 of 1st period - Matt Martin is hit by Cam Fowler and loses puck.
19:39 of 1st period - Snap shot by Jordan Szwarz.
19:39 of 1st period - Goal by Jordan Szwarz - Canadiens : 1 - Kings : 0.
19:40 of 1st period - Auston Matthews wins face-off versus Mika Zibanejad in neutral zone.
19:48 of 1st period - Slapshot by Mika Zibanejad.
19:48 of 1st period - Stopped by Igor Shesterkin with a rebound.
19:50 of 1st period - Snap shot by Mika Zibanejad.
19:50 of 1st period - Stopped by Igor Shesterkin without a rebound.
19:51 of 1st period - Sidney Crosby wins face-off versus Mika Zibanejad in Kings zone.
Goals for this period are 1 for Canadiens vs 0 for Kings.
Shots for this period are 10 for Canadiens vs 6 for Kings.
2nd period
0:01 of 2nd period - Auston Matthews wins face-off versus Mika Zibanejad in neutral zone.
1:34 of 2nd period - Snap shot by Rasmus Ristolainen.
1:34 of 2nd period - Shot Misses the Net.
2:00 of 2nd period - Snap shot by Zac Rinaldo.
2:00 of 2nd period - Shot Misses the Net.
2:06 of 2nd period - Zac Rinaldo is hit by Jiri Sekac and loses puck.
2:43 of 2nd period - Snap shot by Sam Bennett.
2:43 of 2nd period - Goal by Sam Bennett - Canadiens : 1 - Kings : 1.
2:44 of 2nd period - Auston Matthews wins face-off versus Jiri Sekac in neutral zone.
2:52 of 2nd period - Backhand shot by Chris Tierney.
2:52 of 2nd period - Shot Misses the Net.
2:54 of 2nd period - Slapshot by Colton Parayko.
2:54 of 2nd period - Shot Misses the Net.
2:58 of 2nd period - Wrist shot by Mikko Rantanen.
2:58 of 2nd period - Stopped by Andrei Vasilevskiy without a rebound.
2:59 of 2nd period - Marcus Kruger wins face-off versus Sidney Crosby in Canadiens zone.
2:59 of 2nd period - Marcus Kruger is hit by Jake Guentzel.
3:52 of 2nd period - Double Minor Penalty to Jiri Sekac for Roughing.
3:53 of 2nd period - Auston Matthews wins face-off versus Cody Eakin in Canadiens zone.
4:10 of 2nd period - Snap shot by Mikko Rantanen.
4:10 of 2nd period - Stopped by Andrei Vasilevskiy with a rebound.
4:52 of 2nd period - Matthew Tkachuk is hit by Artemi Panarin and loses puck.
5:23 of 2nd period - Sam Bennett is hit by Corban Knight and loses puck.
5:32 of 2nd period - Slapshot by Rasmus Ristolainen.
5:32 of 2nd period - Stopped by Igor Shesterkin without a rebound.
5:33 of 2nd period - Cody Eakin wins face-off versus Auston Matthews in Kings zone.
7:07 of 2nd period - Mitch Marner is hit by Corban Knight and loses puck.
7:12 of 2nd period - Slapshot by Rasmus Ristolainen.
7:12 of 2nd period - Shot Blocked by Aaron Ekblad.
7:14 of 2nd period - Wrist shot by Marcus Kruger.
7:14 of 2nd period - Stopped by Igor Shesterkin without a rebound.
7:15 of 2nd period - Cody Eakin wins face-off versus Auston Matthews in Kings zone.
7:52 of 2nd period - Penalty to Jiri Sekac is over, Jiri Sekac is back on ice.
8:19 of 2nd period - David Pastrnak is hit by Zac Rinaldo and loses puck.
8:36 of 2nd period - Matt Martin is hit by Brian Dumoulin and loses puck.
9:13 of 2nd period - Slapshot by Jordan Szwarz.
9:13 of 2nd period - Shot Blocked by Adam Fox.
9:15 of 2nd period - Slapshot by Justin Schultz.
9:15 of 2nd period - Stopped by Igor Shesterkin with a rebound.
10:19 of 2nd period - Colton Parayko is hit by Brandon Bollig and loses puck.
11:10 of 2nd period - Slapshot by Adam Fox.
11:10 of 2nd period - Stopped by Andrei Vasilevskiy without a rebound.
11:11 of 2nd period - Sidney Crosby wins face-off versus Mika Zibanejad in Canadiens zone.
11:12 of 2nd period - Snap shot by Jake Guentzel.
11:12 of 2nd period - Shot Blocked by Rasmus Ristolainen.
11:14 of 2nd period - Slapshot by Jared Cowen.
11:14 of 2nd period - Stopped by Andrei Vasilevskiy with a rebound.
11:16 of 2nd period - Slapshot by Jared Cowen.
11:16 of 2nd period - Shot Misses the Net.
11:18 of 2nd period - Slapshot by Jared Cowen.
11:18 of 2nd period - Shot Blocked by Cam Fowler.
11:20 of 2nd period - Slapshot by Jared Cowen.
11:20 of 2nd period - Stopped by Andrei Vasilevskiy without a rebound.
11:21 of 2nd period - Mika Zibanejad wins face-off versus Sidney Crosby in Canadiens zone.
11:28 of 2nd period - Slapshot by Adam Fox.
11:28 of 2nd period - Stopped by Andrei Vasilevskiy with a rebound.
11:30 of 2nd period - Snap shot by Sidney Crosby.
11:30 of 2nd period - Shot Misses the Net.
11:32 of 2nd period - Snap shot by Sidney Crosby.
11:32 of 2nd period - Stopped by Andrei Vasilevskiy without a rebound.
11:33 of 2nd period - Auston Matthews wins face-off versus Vincent Trocheck in Canadiens zone.
11:46 of 2nd period - Snap shot by Auston Matthews.
11:46 of 2nd period - Stopped by Andrei Vasilevskiy without a rebound.
11:47 of 2nd period - Sidney Crosby wins face-off versus Mika Zibanejad in Canadiens zone.
13:06 of 2nd period - Slapshot by Adam Fox.
13:06 of 2nd period - Shot Blocked by Brian Dumoulin.
13:08 of 2nd period - Snap shot by Frans Nielsen.
13:08 of 2nd period - Stopped by Andrei Vasilevskiy with a rebound.
13:24 of 2nd period - Alexandre Grenier is hit by Adam Fox and loses puck.
13:39 of 2nd period - Wrist shot by Sam Gagner.
13:39 of 2nd period - Shot Misses the Net.
13:45 of 2nd period - Sam Gagner is hit by Marcus Kruger and loses puck.
14:06 of 2nd period - Jordan Szwarz is hit by Mikko Rantanen.
14:30 of 2nd period - Cam Fowler is hit by Frans Nielsen and loses puck.
14:47 of 2nd period - Corban Knight is hit by Jared Cowen and loses puck.
15:08 of 2nd period - Sam Bennett is hit by Brent Burns and loses puck.
15:13 of 2nd period - Snap shot by Chris Kreider.
15:13 of 2nd period - Shot Blocked by Quinn Hughes.
15:15 of 2nd period - Snap shot by Marcus Kruger.
15:15 of 2nd period - Shot Blocked by Quinn Hughes.
15:33 of 2nd period - Mikko Rantanen is hit by Jordan Szwarz and loses puck.
15:56 of 2nd period - David Pastrnak is hit by Zac Rinaldo.
16:19 of 2nd period - Off-side.
16:20 of 2nd period - Auston Matthews wins face-off versus Chris Kreider in neutral zone.
16:32 of 2nd period - Minor Penalty to Marcus Kruger for High sticking.
16:33 of 2nd period - Auston Matthews wins face-off versus Cody Eakin in Canadiens zone.
16:37 of 2nd period - Slapshot by Quinn Hughes.
16:37 of 2nd period - Shot Misses the Net.
16:39 of 2nd period - Slapshot by Quinn Hughes.
16:39 of 2nd period - Shot Blocked by Rasmus Ristolainen.
16:41 of 2nd period - Snap shot by Mitch Marner.
16:41 of 2nd period - Stopped by Andrei Vasilevskiy without a rebound.
16:42 of 2nd period - Auston Matthews wins face-off versus Cody Eakin in Canadiens zone.
16:52 of 2nd period - Minor Penalty to Cody Eakin for Roughing.
16:53 of 2nd period - Vincent Trocheck wins face-off versus Auston Matthews in Canadiens zone.
17:06 of 2nd period - Snap shot by Quinn Hughes.
17:06 of 2nd period - Shot Blocked by Brent Burns.
17:08 of 2nd period - Snap shot by Auston Matthews.
17:08 of 2nd period - Shot Misses the Net.
17:10 of 2nd period - Slapshot by Quinn Hughes.
17:10 of 2nd period - Kings goal is going for a video replay.
17:10 of 2nd period - The goal is refused. The puck has entered the net after making contact with an attacking player’s stick that is above the height of the crossbar..
17:11 of 2nd period - Sam Bennett wins face-off versus Vincent Trocheck in Canadiens zone.
18:32 of 2nd period - Penalty to Marcus Kruger is over, Marcus Kruger is back on ice.
18:52 of 2nd period - Penalty to Cody Eakin is over, Cody Eakin is back on ice.
19:08 of 2nd period - Artemi Panarin is hit by Frans Nielsen and loses puck.
19:45 of 2nd period - Mitch Marner is hit by Marcus Kruger.
19:59 of 2nd period - Snap shot by Alexandre Grenier.
19:59 of 2nd period - Shot Misses the Net.
Goals for this period are 0 for Canadiens vs 1 for Kings.
Shots for this period are 3 for Canadiens vs 12 for Kings.
3rd period
0:01 of 3rd period - Mika Zibanejad wins face-off versus Sidney Crosby in neutral zone.
0:06 of 3rd period - Mitch Marner is hit by Artemi Panarin and loses puck.
0:27 of 3rd period - Vincent Trocheck is hit by Chris Tierney.
0:32 of 3rd period - Off-side.
0:33 of 3rd period - Auston Matthews wins face-off versus Vincent Trocheck in neutral zone.
0:40 of 3rd period - Snap shot by Chris Tierney.
0:40 of 3rd period - Stopped by Andrei Vasilevskiy without a rebound.
0:41 of 3rd period - Auston Matthews wins face-off versus Vincent Trocheck in Canadiens zone.
0:45 of 3rd period - Snap shot by Adam Fox.
0:45 of 3rd period - Shot Misses the Net.
0:57 of 3rd period - Snap shot by Mikko Rantanen.
0:57 of 3rd period - Stopped by Andrei Vasilevskiy with a rebound.
0:59 of 3rd period - Wrist shot by Auston Matthews.
0:59 of 3rd period - Deflect By Mikko Rantanen.
0:59 of 3rd period - Stopped by Andrei Vasilevskiy without a rebound.
1:00 of 3rd period - Sidney Crosby wins face-off versus Mika Zibanejad in Canadiens zone.
1:05 of 3rd period - Snap shot by Mitch Marner.
1:05 of 3rd period - Goal by Mitch Marner - Canadiens : 1 - Kings : 2.
1:06 of 3rd period - Mika Zibanejad wins face-off versus Sidney Crosby in neutral zone.
1:08 of 3rd period - Minor Penalty to Cam Fowler for Tripping.
1:09 of 3rd period - Auston Matthews wins face-off versus Cody Eakin in Canadiens zone.
1:25 of 3rd period - Slapshot by Quinn Hughes.
1:25 of 3rd period - Shot Misses the Net.
1:40 of 3rd period - Backhand shot by Sidney Crosby.
1:40 of 3rd period - Stopped by Andrei Vasilevskiy with a rebound.
1:42 of 3rd period - Slapshot by Sam Bennett.
1:42 of 3rd period - Goal by Sam Bennett - Canadiens : 1 - Kings : 3.
1:43 of 3rd period - Jake Guentzel wins face-off versus Mika Zibanejad in neutral zone.
1:55 of 3rd period - Cam Fowler is hit by Aaron Ekblad and loses puck.
2:00 of 3rd period - Slapshot by David Pastrnak.
2:00 of 3rd period - Stopped by Igor Shesterkin with a rebound.
2:10 of 3rd period - Marcus Kruger is hit by Aaron Ekblad and loses puck.
2:34 of 3rd period - Icing by Sam Gagner.
2:35 of 3rd period - Sam Bennett wins face-off versus Cody Eakin in Kings zone.
2:42 of 3rd period - Backhand shot by Sam Gagner.
2:42 of 3rd period - Shot Misses the Net.
2:44 of 3rd period - Snap shot by Matt Martin.
2:44 of 3rd period - Shot Misses the Net.
3:00 of 3rd period - Wrist shot by Sam Gagner.
3:00 of 3rd period - Shot Blocked by Cam Fowler.
3:02 of 3rd period - Slapshot by Sam Gagner.
3:02 of 3rd period - Shot Blocked by Rasmus Ristolainen.
3:04 of 3rd period - Wrist shot by Sam Gagner.
3:04 of 3rd period - Kings goal is going for a video replay.
3:04 of 3rd period - The goal is refused. The referee deems the play has been stopped, even if he had not physically had the opportunity to stop play by blowing his whistle..
3:05 of 3rd period - Mika Zibanejad wins face-off versus Sidney Crosby in Canadiens zone.
3:16 of 3rd period - Snap shot by David Pastrnak.
3:16 of 3rd period - Stopped by Igor Shesterkin without a rebound.
3:17 of 3rd period - Mika Zibanejad wins face-off versus Auston Matthews in Kings zone.
3:22 of 3rd period - Snap shot by David Pastrnak.
3:22 of 3rd period - Shot Blocked by Quinn Hughes.
3:24 of 3rd period - Slapshot by Cam Fowler.
3:24 of 3rd period - Shot Misses the Net.
3:32 of 3rd period - Wrist shot by Mika Zibanejad.
3:32 of 3rd period - Stopped by Igor Shesterkin with a rebound.
4:01 of 3rd period - Icing by Marc Staal.
4:02 of 3rd period - Cody Eakin wins face-off versus Sidney Crosby in Kings zone.
4:23 of 3rd period - Marc Staal is hit by Mika Zibanejad and loses puck.
4:32 of 3rd period - Snap shot by Jake Guentzel.
4:32 of 3rd period - Shot Misses the Net.
4:34 of 3rd period - Slapshot by Quinn Hughes.
4:34 of 3rd period - Stopped by Andrei Vasilevskiy without a rebound.
4:35 of 3rd period - Chris Tierney wins face-off versus Vincent Trocheck in Canadiens zone.
4:40 of 3rd period - Wrist shot by Chris Tierney.
4:40 of 3rd period - Shot Misses the Net.
5:47 of 3rd period - Snap shot by David Pastrnak.
5:47 of 3rd period - Stopped by Igor Shesterkin with a rebound.
5:50 of 3rd period - Icing by Sam Gagner.
5:51 of 3rd period - Sam Bennett wins face-off versus Vincent Trocheck in Kings zone.
6:40 of 3rd period - Slapshot by Rasmus Ristolainen.
6:40 of 3rd period - Shot Blocked by Colton Parayko.
6:46 of 3rd period - Sidney Crosby is hit by Rasmus Ristolainen and loses puck.
6:53 of 3rd period - Wrist shot by Jake Guentzel.
6:53 of 3rd period - Stopped by Andrei Vasilevskiy with a rebound.
6:55 of 3rd period - Wrist shot by Sidney Crosby.
6:55 of 3rd period - Stopped by Andrei Vasilevskiy with a rebound.
7:15 of 3rd period - Snap shot by Sidney Crosby.
7:15 of 3rd period - Deflect By Cam Fowler.
7:15 of 3rd period - Shot Misses the Net.
7:15 of 3rd period - Puck is out of play.
7:16 of 3rd period - Vincent Trocheck wins face-off versus Mikko Rantanen in Canadiens zone.
7:48 of 3rd period - Zac Rinaldo is hit by Artemi Panarin.
8:10 of 3rd period - Brent Burns is hit by Sam Gagner and loses puck.
8:43 of 3rd period - Quinn Hughes is hit by Brandon Bollig and loses puck.
8:50 of 3rd period - Snap shot by Cam Fowler.
8:50 of 3rd period - Stopped by Igor Shesterkin without a rebound.
8:51 of 3rd period - Mika Zibanejad wins face-off versus Auston Matthews in Kings zone.
8:54 of 3rd period - Snap shot by David Pastrnak.
8:54 of 3rd period - Shot Blocked by Marc Staal.
9:40 of 3rd period - Snap shot by Chris Kreider.
9:40 of 3rd period - Stopped by Igor Shesterkin with a rebound.
9:42 of 3rd period - Snap shot by Rasmus Ristolainen.
9:42 of 3rd period - Stopped by Igor Shesterkin without a rebound.
9:43 of 3rd period - Vincent Trocheck wins face-off versus Frans Nielsen in Kings zone.
9:48 of 3rd period - Snap shot by Chris Kreider.
9:48 of 3rd period - Stopped by Igor Shesterkin with a rebound.
9:50 of 3rd period - Slapshot by Chris Kreider.
9:50 of 3rd period - Shot Blocked by Frans Nielsen.
9:52 of 3rd period - Minor Penalty to Zac Rinaldo for Hooking.
9:53 of 3rd period - Chris Tierney wins face-off versus Mika Zibanejad in Kings zone.
10:10 of 3rd period - Slapshot by Chris Kreider.
10:10 of 3rd period - Stopped by Igor Shesterkin without a rebound.
10:11 of 3rd period - Chris Tierney wins face-off versus Vincent Trocheck in Kings zone.
10:41 of 3rd period - Icing by Rasmus Ristolainen.
10:42 of 3rd period - Mika Zibanejad wins face-off versus Chris Tierney in Canadiens zone.
11:19 of 3rd period - Slapshot by Justin Schultz.
11:19 of 3rd period - Stopped by Igor Shesterkin with a rebound.
11:21 of 3rd period - Snap shot by Justin Schultz.
11:21 of 3rd period - Shot Misses the Net.
11:23 of 3rd period - Slapshot by Justin Schultz.
11:23 of 3rd period - Shot Misses the Net.
11:25 of 3rd period - Snap shot by Jordan Szwarz.
11:25 of 3rd period - Shot Misses the Net.
11:27 of 3rd period - Wrist shot by Artemi Panarin.
11:27 of 3rd period - Stopped by Igor Shesterkin with a rebound.
11:46 of 3rd period - Off-side.
11:47 of 3rd period - David Pastrnak wins face-off versus Chris Tierney in neutral zone.
11:52 of 3rd period - Penalty to Zac Rinaldo is over, Zac Rinaldo is back on ice.
12:34 of 3rd period - Wrist shot by Chris Tierney.
12:34 of 3rd period - Deflect By Sam Bennett.
12:34 of 3rd period - Shot Misses the Net.
12:34 of 3rd period - Puck is out of play.
12:35 of 3rd period - Mika Zibanejad wins face-off versus Sidney Crosby in Canadiens zone.
13:23 of 3rd period - Off-side.
13:24 of 3rd period - Auston Matthews wins face-off versus Mika Zibanejad in neutral zone.
13:44 of 3rd period - Rasmus Ristolainen is hit by Marc Staal and loses puck.
13:49 of 3rd period - Snap shot by Chris Kreider.
13:49 of 3rd period - Shot Blocked by Quinn Hughes.
14:34 of 3rd period - Slapshot by Quinn Hughes.
14:34 of 3rd period - Shot Misses the Net.
14:38 of 3rd period - Backhand shot by Sam Gagner.
14:38 of 3rd period - Stopped by Andrei Vasilevskiy without a rebound.
14:39 of 3rd period - Auston Matthews wins face-off versus Cody Eakin in Canadiens zone.
14:48 of 3rd period - Adam Fox is hit by Jordan Szwarz and loses puck.
15:07 of 3rd period - Icing by Jared Cowen.
15:08 of 3rd period - Sam Bennett wins face-off versus Mika Zibanejad in Kings zone.
15:21 of 3rd period - Wrist shot by David Pastrnak.
15:21 of 3rd period - Stopped by Igor Shesterkin with a rebound.
15:23 of 3rd period - Snap shot by Mika Zibanejad.
15:23 of 3rd period - Goal by Mika Zibanejad - Canadiens : 2 - Kings : 3.
15:24 of 3rd period - Cody Eakin wins face-off versus Frans Nielsen in neutral zone.
16:00 of 3rd period - Snap shot by David Pastrnak.
16:00 of 3rd period - Shot Misses the Net.
16:02 of 3rd period - Slapshot by Rasmus Ristolainen.
16:02 of 3rd period - Deflect By Artemi Panarin.
16:02 of 3rd period - Goal by Artemi Panarin - Canadiens : 3 - Kings : 3.
16:03 of 3rd period - Frans Nielsen wins face-off versus Cody Eakin in neutral zone.
16:14 of 3rd period - Slapshot by Adam Fox.
16:14 of 3rd period - Stopped by Andrei Vasilevskiy without a rebound.
16:15 of 3rd period - Frans Nielsen wins face-off versus Cody Eakin in Canadiens zone.
16:51 of 3rd period - Slapshot by Adam Fox.
16:51 of 3rd period - Stopped by Andrei Vasilevskiy without a rebound.
16:52 of 3rd period - Sidney Crosby wins face-off versus Cody Eakin in Canadiens zone.
16:53 of 3rd period - Slapshot by Jake Guentzel.
16:53 of 3rd period - Shot Misses the Net.
16:55 of 3rd period - Wrist shot by Mitch Marner.
16:55 of 3rd period - Shot Blocked by Brian Dumoulin.
16:57 of 3rd period - Backhand shot by Colton Parayko.
16:57 of 3rd period - Stopped by Andrei Vasilevskiy with a rebound.
16:59 of 3rd period - Slapshot by Colton Parayko.
16:59 of 3rd period - Deflect By Jake Guentzel.
16:59 of 3rd period - Goal by Jake Guentzel - Canadiens : 3 - Kings : 4.
17:00 of 3rd period - Cody Eakin wins face-off versus Matt Martin in neutral zone.
17:03 of 3rd period - Sam Bennett is hit by Jiri Sekac and loses puck.
17:18 of 3rd period - Jiri Sekac is hit by Adam Fox and loses puck.
17:37 of 3rd period - Cam Fowler is hit by Zac Rinaldo and loses puck.
18:18 of 3rd period - Wrist shot by Alexandre Grenier.
18:18 of 3rd period - Shot Hit the Post.
18:43 of 3rd period - Icing by Justin Schultz.
18:44 of 3rd period - Cody Eakin wins face-off versus Frans Nielsen in Canadiens zone.
18:55 of 3rd period - Canadiens, Andrei Vasilevskiy is pulled from the net.
18:55 of 3rd period - Slapshot by Brian Dumoulin.
18:55 of 3rd period - Stopped by Igor Shesterkin without a rebound.
18:56 of 3rd period - Mike Babcock call a timeout for Canadiens.
18:56 of 3rd period - Sam Bennett wins face-off versus Mika Zibanejad in Kings zone.
19:06 of 3rd period - Snap shot by Chris Tierney.
19:06 of 3rd period - Goal by Chris Tierney - Canadiens : 3 - Kings : 5.
19:06 of 3rd period - Andrei Vasilevskiy from Canadiens was sent back in the game.
19:07 of 3rd period - Sam Gagner wins face-off versus Cody Eakin in neutral zone.
19:23 of 3rd period - Snap shot by Sam Bennett.
19:23 of 3rd period - Shot Blocked by Cam Fowler.
19:33 of 3rd period - Marc Staal is hit by Chris Kreider.
19:37 of 3rd period - Chris Kreider is hit by Matthew Tkachuk and loses puck.
Goals for this period are 2 for Canadiens vs 4 for Kings.
Shots for this period are 15 for Canadiens vs 16 for Kings.